 Dungeon Crawl Stone Soup version 0.26-a0-501-g57170428f2 (webtiles) character file.

Game seed: 92859183128155663

51153 Devinter the Swashbuckler (level 15, -1/92 HPs)
             Began as a Halfling Fighter on Aug 6, 2020.
             Was a High Priest of Wu Jian.
             Hit by a large rock thrown by a cyclops (37 damage)
             ... on level 2 of the Orcish Mines on Aug 7, 2020.
             The game lasted 02:14:41 (16489 turns).

Devinter the Swashbuckler (Halfling Fighter)       Turns: 16489, Time: 02:14:41

Health: -1/92      AC: 15    Str: 18      XL:     15   Next: 0%
Magic:  19/19      EV: 29    Int:  5 (6)  God:    Wu Jian [*****.]
Gold:   1220       SH: 15    Dex: 22      Spells: 15/20 levels left

rFire    + . .     SeeInvis .   v - +4 rapier (venom)
rCold    . . .     Faith    .   c - +0 kite shield
rNeg     + . .     Spirit   .   P - +0 steam dragon scales
rPois    +         Reflect  .   (no helmet)
rElec    +         Harm     .   q - +0 cloak {rPois}
rCorr    .                      X - +2 pair of gloves of the Vestibule of Hell {rC+ MR+}
MR       ++...                  F - +0 pair of boots (curse)
Stlth    +++.......             k - amulet of regeneration
HPRegen  0.65/turn              D - ring of fire
MPRegen  0.16/turn              J - ring "Waaxze Orao" {rElec rN+ AC+4 Dex+2 Stlth+}

@: exhausted
A: small, mutation resistance 1
a: Wall Jump, Serpent's Lash, Heavenly Storm, Renounce Religion


You were on level 2 of the Orcish Mines.
You worshipped Wu Jian.
Wu Jian was extremely pleased with you.
You visited 4 branches of the dungeon, and saw 20 of its levels.
You also visited: Gauntlet.

You collected 1395 gold pieces.
You spent 175 gold pieces at shops.

Inventory:

Hand Weapons
 v - a +4 rapier of venom (weapon)
Missiles
 p - 63 poisoned darts (quivered)
 u - 291 stones
 C - 135 sling bullets
Armour
 c - a +0 kite shield (worn)
 q - a +0 cloak of poison resistance (worn)
 F - a cursed +0 pair of boots (worn)
 P - +0 steam dragon scales (worn)
 X - the +2 pair of gloves of the Vestibule of Hell (worn) {rC+ MR+}
   (You found it on level 11 of the Dungeon)

   It protects you from cold.
   It affects your resistance to hostile enchantments.
Jewellery
 k - an amulet of regeneration (around neck)
 D - a ring of fire (left hand)
 J - the ring "Waaxze Orao" (right hand) {rElec rN+ AC+4 Dex+2 Stlth+}
   (You took it off a wizard in a Gauntlet)

   [ring of protection]

   It affects your AC (+4).
   It affects your dexterity (+2).
   It insulates you from electricity.
   It protects you from negative energy.
   It makes you more stealthy.
 S - an uncursed ring of protection from cold
Wands
 b - a wand of flame (37)
 w - a wand of iceblast (8)
 y - a wand of disintegration (18)
 H - a wand of enslavement (1)
 K - a wand of digging (8)
 M - a wand of polymorph (8)
Scrolls
 g - 7 scrolls of magic mapping
 h - 9 scrolls of teleportation
 i - 5 scrolls of amnesia
 m - 4 scrolls of remove curse
 s - 3 scrolls of enchant armour
 G - 2 scrolls of blinking
 I - a scroll of fog
 W - a scroll of identify
Potions
 a - 7 potions of flight
 d - a potion of might
 f - 12 potions of curing
 n - a potion of mutation {unknown}
 o - a potion of heal wounds
 r - a potion of resistance {unknown}
 z - a potion of ambrosia {unknown}
 A - a potion of stabbing {unknown}
 N - a potion of berserk rage {unknown}
 O - 2 potions of haste
 V - 5 potions of brilliance
Miscellaneous
 T - a tin of tremorstones (3/3)
 U - a box of beasts (3/3)
 Y - a phial of floods
 Z - a lightning rod (4/4)


   Skills:
 - Level 5.0 Fighting
 - Level 15.0 Short Blades
 - Level 5.0 Armour
 + Level 14.4 Dodging
 * Level 14.5 Shields
 - Level 3.0 Spellcasting
 - Level 8.0 Translocations


You had 15 spell levels left.
You knew the following spells:

 Your Spells              Type           Power        Failure   Level
a - Blink                 Tloc           N/A          4%          2
b - Gell's Gravitas       Tloc           #.........   8%          3

Your spell library contained the following spells:

 Spells                   Type           Power        Failure   Level
 Animate Skeleton         Necr           #.....       56%         1
 Magic Dart               Conj           #...         56%         1
 Pain                     Necr           #...         56%         1
 Call Imp                 Summ           #.......     71%         2
 Slow                     Hex            #.......     71%         2
 Confusing Touch          Hex            #.......     91%         3
 Conjure Flame            Conj/Fire      #.......     91%         3
 Mephitic Cloud           Conj/Pois/Air  #.......     91%         3
 Static Discharge         Conj/Air       #.......     91%         3
 Vampiric Draining        Necr           #.........   91%         3
 Animate Dead             Necr           #.........   100%        4
 Leda's Liquefaction      Hex/Erth       #.........   100%        4
 Petrify                  Tmut/Erth      #.......     100%        4
 Agony                    Necr           #.......     100%        5
 Bolt of Magma            Conj/Fire/Erth #.........   100%        5
 Lightning Bolt           Conj/Air       #.........   100%        5
 Metabolic Englaciation   Hex/Ice        #.........   100%        5
 Yara's Violent Unravell  Hex/Tmut       #.........   100%        5
 Iron Shot                Conj/Erth      #.........   100%        6
 Statue Form              Tmut/Erth      #........    100%        6
 Ignition                 Fire           #.........   100%        8
 Shatter                  Erth           #.........   100%        9
 Tornado                  Air            #.........   100%        9


Dungeon Overview and Level Annotations

Branches:
Dungeon (11/15)            Temple (1/1) D:5            Lair (6/6) D:8
 Shoals (0/4) Lair:2        Snake (0/4) Lair:4        Slime (0/5) Lair:6
    Orc (2/2) D:10            Elf (0/3) Orc:2       Gauntlet (visited)

Altars:
Ashenzari
Cheibriados
Dithmenos
Elyvilon
Fedhas
Gozag
Hepliaklqana
Kikubaaqudgha
Makhleb
Nemelex Xobeh
Okawaru
Qazlal
Ru
Sif Muna
Trog
Uskayaw
Vehumet
Wu Jian
Xom
Yredelemnul
Zin
The Shining One
Jiyva

Shops:
D:6 }   D:9 (   Orc:1 =[

Annotations:
D:2 Sigmund
D:8 Erica
Orc:1 Josephine


Innate Abilities, Weirdness & Mutations

You are small and have problems with some larger weapons.
You are somewhat resistant to further mutation.


Message History

You completely miss the cyclops.
The cyclops is almost dead.
You puncture the cyclops!
You kill the cyclops!
The Council accepts your kill.
You have reached level 15!
Your experience leads to an increase in your attributes!
Your base attributes are Str 18, Int 6, Dex 18.
Increase (S)trength, (I)ntelligence, or (D)exterity?
You feel agile. x2
The cyclops throws a large rock.
The large rock closely misses you.
You see here a large rock.
The ogre mage casts a spell at you.
You suddenly lose the ability to move!
The troll bites you! The troll claws you.
* * * LOW HITPOINT WARNING * * *
The troll claws you but does no damage.
You can move again.
The cyclops throws a large rock.
The large rock hits you!!!
You die...

...........# .. #....##.......
..........# ..#....###........
..........## ..... ...#$........
#..##......###..##.........#.....
######.#†)..#...#.#..............
###.)...# ..... .........#
##[..## ... ..........
##)[######.# ..........
#..).##(#@#### ..........
##..#)((O....# ..........
###(.....................
#))........#......>....#
##......<.## ...........
##...O..... ..........
.#C........ ...#......
............. .###.....
....#...#..... .....


You could see an ogre mage, a cyclops and an ogre (very poisoned).

Vanquished Creatures
  A dire elephant (Gauntlet)
  A minotaur (Gauntlet)
  Snorg (D:10)
  A fire dragon (Lair:6)
  Harold (D:7)
  5 hydras
  8 two-headed ogres
  2 fire crabs (Lair:6)
  A deep troll (Orc:2)
  2 orc knights
  A wizard (Gauntlet)
  An orc sorcerer (Orc:2)
  A manticore (Lair:2)
  A cyclops (Orc:2)
  3 black mambas (Lair:6)
  2 torpor snails
  6 cane toads
  An elephant (Gauntlet)
  3 centaur skeletons
  3 molten gargoyles (Lair:6)
  Maggie (D:8)
  A kobold demonologist (D:11)
  2 rime drakes
  9 komodo dragons
  9 trolls
  A polar bear (Lair:6)
  15 blink frogs
  A hornet (D:11)
  Prince Ribbit (D:5)
  4 hippogriffs
  4 dream sheep (Lair:3)
  2 wraiths (Orc:1)
  36 yaks
  4 wyverns
  Eustachio (D:5)
  2 steam dragons (Lair:6)
  3 basilisks (Lair:6)
  A soldier ant (D:11)
  2 wargs (Orc:2)
  3 hell hounds (Lair:6)
  2 nagas (Lair:4)
  9 water moccasins
  9 porcupines
  An ice beast (D:5)
  12 orc warriors
  2 phantoms
  4 sky beasts
  16 ogres
  2 black bears
  11 wolves
  2 centaurs
  8 crocodiles
  2 big kobolds
  Blork the orc (D:5)
  21 bullfrogs
  A water moccasin skeleton (D:3)
  12 killer bees
  2 scorpions
  13 wights
  3 howler monkeys (D:7)
  An electric eel (Lair:4)
  4 bullfrog zombies
  6 hounds
  5 lava snakes (Lair:6)
  Crazy Yiuf (D:7)
  A jelly (D:5)
  A bullfrog skeleton (D:8)
  11 orc priests
  2 iguanas
  Ijyb (D:5)
  7 hell rats (Lair:6)
  9 worker ants
  13 orc wizards
  A hound skeleton (D:9)
  A worker ant zombie (D:5)
  4 gnolls (D:2)
  A howler monkey skeleton (D:5)
  9 adders
  A shadow imp (Gauntlet)
  4 white imps
  3 ufetubi
  An ooze (D:1)
  An adder skeleton (D:4)
  3 worms
  3 dart slugs
  9 leopard geckos
  61 orcs
  2 giant cockroaches
  6 goblins
  4 hobgoblins
  14 jackals
  4 quokkas
  A ball python (D:3)
  6 bats
  5 frilled lizards
  10 kobolds
  A quokka skeleton (D:7)
  A quokka zombie (D:5)
  10 rats
  A fungus (D:7)
509 creatures vanquished.

Vanquished Creatures (collateral kills)
  2 orcs (D:11)
2 creatures vanquished.

Vanquished Creatures (others)
  An orc warrior (D:8)
  9 fungi (Lair:6)
  5 plants (Lair:6)
15 creatures vanquished.

Grand Total: 526 creatures vanquished

Notes
Turn   | Place    | Note
-------+----------+-------------------------------------------
     0 | D:1      | Devinter the Halfling Fighter began the quest for the Orb.
     0 | D:1      | Reached XP level 1. HP: 15/15 MP: 1/1
    87 | D:1      | Reached XP level 2. HP: 19/20 MP: 2/2
   408 | D:1      | Reached skill level 3 in Fighting
   408 | D:1      | Reached XP level 3. HP: 26/26 MP: 3/3
   630 | D:2      | Reached skill level 3 in Short Blades
   653 | D:2      | Reached XP level 4. HP: 29/31 MP: 4/4
   745 | D:2      | Reached skill level 4 in Armour
   749 | D:2      | Reached skill level 4 in Shields
   792 | D:2      | Noticed Sigmund
   934 | D:2      | Reached XP level 5. HP: 36/36 MP: 5/5
  1032 | D:2      | Found a glowing silver altar of Zin.
  1032 | D:2      | Found a shimmering altar of Xom.
  1032 | D:2      | Found a glowing golden altar of the Shining One.
  1689 | D:3      | Reached skill level 4 in Short Blades
  1689 | D:3      | Reached XP level 6. HP: 37/43 MP: 6/6
  2316 | D:4      | Found a basalt altar of Yredelemnul.
  2514 | D:4      | Reached skill level 4 in Fighting
  2825 | D:5      | Entered Level 5 of the Dungeon
  2845 | D:5      | Noticed Blork the orc
  2854 | D:5      | Killed Blork the orc
  2854 | D:5      | Reached skill level 5 in Armour
  2854 | D:5      | Reached XP level 7. HP: 32/48 MP: 7/7
  2920 | D:5      | Reached skill level 5 in Shields
  2972 | D:5      | Reached skill level 5 in Short Blades
  3039 | D:5      | Noticed Ijyb
  3050 | D:5      | Killed Ijyb
  3050 | D:5      | Reached skill level 5 in Fighting
  3348 | D:5      | Noticed Prince Ribbit
  3367 | D:5      | Killed Prince Ribbit
  3367 | D:5      | Reached skill level 6 in Short Blades
  3367 | D:5      | Reached XP level 8. HP: 45/55 MP: 8/8
  3572 | D:5      | Reached skill level 6 in Shields
  3579 | D:5      | Noticed Eustachio
  3591 | D:5      | Killed Eustachio
  3672 | D:5      | Learned a level 2 spell: Blink
  3768 | D:5      | Found a staircase to the Ecumenical Temple.
  3794 | Temple   | Entered the Ecumenical Temple
  4021 | Temple   | Became a worshipper of the Wu Jian Council
  4266 | D:6      | Reached skill level 1 in Spellcasting
  4286 | D:6      | You fall into a shaft and drop 1 floor!
  4395 | D:6      | Reached skill level 7 in Short Blades
  4409 | D:6      | Reached skill level 1 in Translocations
  4445 | D:6      | Reached skill level 7 in Shields
  4622 | D:6      | Found Sylaolafu's Gadget Shoppe.
  4686 | D:6      | Reached skill level 2 in Translocations
  4686 | D:6      | Reached XP level 9. HP: 58/61 MP: 10/10
  4995 | D:7      | Noticed Harold
  5058 | D:7      | Reached skill level 3 in Translocations
  5064 | D:7      | Reached skill level 8 in Short Blades
  5092 | D:7      | Reached * piety under Wu Jian
  5200 | D:7      | Found a sparkling altar of Nemelex Xobeh.
  5470 | D:7      | Reached skill level 8 in Shields
  5470 | D:7      | Reached skill level 4 in Translocations
  5686 | D:7      | Killed Harold
  5686 | D:7      | Reached skill level 9 in Short Blades
  5686 | D:7      | Reached skill level 5 in Translocations
  5686 | D:7      | Reached XP level 10. HP: 58/66 MP: 11/11
  6014 | D:7      | Found a runed translucent door.
  6015 | D:7      | Noticed Crazy Yiuf
  6035 | D:7      | Killed Crazy Yiuf
  6066 | D:8      | Noticed Maggie
  6256 | D:8      | Found a shadowy altar of Dithmenos.
  6257 | D:8      | Found a shattered altar of Ashenzari.
  6326 | D:8      | Reached skill level 9 in Shields
  6417 | D:8      | Found a staircase to the Lair.
  6441 | D:8      | Reached skill level 10 in Short Blades
  6451 | D:8      | Noticed Erica
  6454 | D:8      | Killed Maggie
  6931 | D:9      | Reached ** piety under Wu Jian
  6931 | D:9      | Reached skill level 1 in Dodging
  7228 | D:9      | Reached skill level 2 in Dodging
  7228 | D:9      | Reached skill level 10 in Shields
  7293 | D:9      | Reached skill level 2 in Spellcasting
  7298 | D:9      | Reached skill level 3 in Dodging
  7430 | D:9      | Found Ceoddox's Antique Weapon Emporium.
  7433 | D:9      | Bought a bloodstained hunting sling for 175 gold pieces
  7435 | D:9      | Identified the cursed +0 hunting sling of Virtue {vorpal,
                  | MR+ Str+3 Dex-5} (You bought it in a shop on level 9 of the
                  | Dungeon)
  7554 | D:9      | Reached skill level 4 in Dodging
  8102 | D:9      | Reached skill level 5 in Dodging
  8482 | D:10     | Entered Level 10 of the Dungeon
  8513 | D:10     | Reached XP level 11. HP: 48/71 MP: 14/14
  8570 | D:10     | Noticed Snorg
  8587 | D:11     | Reached skill level 11 in Short Blades
  8608 | D:11     | Got a pair of transparent gloves
  8665 | D:11     | Identified the +2 pair of gloves of the Vestibule of Hell
                  | {rC+ MR+} (You found it on level 11 of the Dungeon)
  8752 | D:11     | Reached *** piety under Wu Jian
  8851 | D:11     | Reached skill level 6 in Dodging
  8861 | D:11     | Reached skill level 3 in Spellcasting
  8974 | D:11     | Noticed a two-headed ogre
  8998 | D:11     | Killed a two-headed ogre
  8998 | D:11     | Reached skill level 7 in Dodging
  9047 | D:11     | Reached skill level 12 in Short Blades
  9296 | D:10     | Killed Snorg
  9385 | D:10     | Found a staircase to the Orcish Mines.
  9415 | D:10     | Reached skill level 8 in Dodging
  9509 | Lair:1   | Entered Level 1 of the Lair of Beasts
  9798 | Lair:1   | Reached XP level 12. HP: 77/77 MP: 16/16
  9826 | Lair:1   | Reached skill level 13 in Short Blades
  9928 | Lair:1   | Reached skill level 9 in Dodging
 10300 | Lair:2   | Reached **** piety under Wu Jian
 10538 | Lair:2   | Reached skill level 6 in Translocations
 10658 | Lair:2   | Found a staircase to the Shoals.
 10661 | Lair:2   | Noticed a four-headed hydra
 10759 | Lair:2   | Killed a four-headed hydra
 10759 | Lair:2   | Reached skill level 10 in Dodging
 10877 | Lair:2   | Reached skill level 14 in Short Blades
 11118 | Lair:3   | Noticed a four-headed hydra
 11126 | Lair:3   | Reached skill level 7 in Translocations
 11136 | Lair:3   | Killed a four-headed hydra
 11227 | Lair:3   | Reached skill level 8 in Translocations
 11241 | Lair:3   | Reached XP level 13. HP: 53/81 MP: 17/17
 11316 | Lair:3   | Reached skill level 15 in Short Blades
 11416 | Lair:3   | Reached ***** piety under Wu Jian
 11603 | Lair:3   | Reached skill level 11 in Dodging
 11850 | Lair:4   | Found a staircase to the Snake Pit.
 12023 | Lair:4   | Upgraded the game from 0.26-a0-497-g0187308201 to
                  | 0.26-a0-501-g57170428f2
 12219 | Lair:4   | Learned a level 3 spell: Gell's Gravitas
 12262 | Lair:4   | Reached skill level 12 in Dodging
 12600 | Lair:5   | Noticed a seven-headed hydra
 12620 | Lair:5   | Killed a seven-headed hydra
 12848 | Lair:5   | Noticed a four-headed hydra
 12855 | Lair:5   | Killed a four-headed hydra
 13378 | Lair:6   | Entered Level 6 of the Lair of Beasts
 13435 | Lair:6   | Found a gate leading to a gauntlet.
 13441 | Gauntlet | Entered a Gauntlet
 13441 | Gauntlet | Found a transporter.
 13441 | Gauntlet | Found a transporter.
 13449 | Gauntlet | Found a transporter.
 13453 | Gauntlet | Found a transporter.
 13461 | Gauntlet | Found a transporter.
 13466 | Gauntlet | Found a transporter.
 13473 | Gauntlet | Found a transporter.
 13487 | Gauntlet | Noticed a dire elephant
 13489 | Gauntlet | Found a transporter.
 13494 | Gauntlet | Found a transporter.
 13500 | Gauntlet | Found a runed translucent door.
 13515 | Gauntlet | Found a transporter.
 13525 | Gauntlet | Found a transporter.
 13529 | Gauntlet | Found a transporter.
 13529 | Gauntlet | Identified the ring "Waaxze Orao" {rElec rN+ AC+4 Dex+2
                  | Stlth+}
 13718 | Gauntlet | Killed a dire elephant
 13778 | Gauntlet | Got a coiled turquoise ring
 13779 | Gauntlet | Identified the cursed ring "Xueming" {rC+ rN++ EV-4 Int-4
                  | Stlth+} (You found it in a Gauntlet)
 13792 | Gauntlet | Reached skill level 11 in Shields
 13810 | Gauntlet | Noticed a minotaur
 13864 | Gauntlet | Killed a minotaur
 14110 | Lair:6   | Reached skill level 13 in Dodging
 14118 | Lair:6   | Found a staircase to the Slime Pits.
 14119 | Lair:6   | Found a viscous altar of Jiyva.
 14284 | Lair:6   | Reached XP level 14. HP: 71/88 MP: 18/18
 14472 | Lair:6   | Reached skill level 12 in Shields
 15005 | Lair:6   | Found a large runed translucent door.
 15164 | Lair:6   | Reached skill level 13 in Shields
 15200 | Lair:6   | Found a large runed translucent door.
 15226 | Lair:6   | HP: 3/88 [fire dragon/blast of flame (38)]
 15779 | Orc:1    | Entered Level 1 of the Orcish Mines
 15780 | Orc:1    | Found Piequmi's Armour Shop.
 15894 | Orc:1    | Found Iggyeq's Jewellery Boutique.
 15923 | Orc:1    | Noticed Josephine
 15924 | Orc:1    | Noticed an orc warlord
 15927 | Orc:2    | Entered Level 2 of the Orcish Mines
 16032 | Orc:2    | Found a bloodstained altar of Trog.
 16118 | Orc:2    | Reached skill level 14 in Dodging
 16191 | Orc:2    | Found a staircase to the Elven Halls.
 16395 | Orc:2    | Reached skill level 14 in Shields
 16486 | Orc:2    | Reached XP level 15. HP: 49/92 MP: 19/19
 16487 | Orc:2    | Paralysed by an ogre mage for 2 turns
 16489 | Orc:2    | Hit by a large rock thrown by a cyclops

Illustrated notes

Levels and vault maps discovered:
D:1:      heliophobic_arrival_glass_houses, layout_basic
D:2:      layout_rooms, gammafunk_temple_overflow_forgotten, uniq_sigmund
D:3:      layout_basic, minmay_misc_feat_pillars, mrwooster_statue_mirror
D:4:      layout_rooms, nicolae_overflow_crystal_walls
D:5:      layout_basic, minmay_temple_entry_statues_pillars, uniq_ijyb,
          uniq_blork_the_orc, uniq_eustachio, uniq_prince_ribbit1
D:6:      layout_loops_ring, serial_shops, shop, minivault_25
D:7:      layout_loops_corners, marbit_many_paths, uniq_harold,
          uniq_crazy_yiuf_cottage
D:8:      layout_loops_ring, gammafunk_temple_overflow_statue, lair_entry_dummy,
          uniq_maggie, uniq_erica
D:9:      layout_layer_cave, serial_shops, nicolae_shop_window_shopping,
          st_stairs_10
D:10:     layout_rooms, orc_0_dummy, uniq_snorg
D:11:     minmay_the_grid_triangle_9x9_recursive_2
          [minmay_the_grid_triangle_9x9_prize_center,
          minmay_the_grid_triangle_9x9_flanged_cone,
          minmay_the_grid_triangle_9x9_stretched_checkered,
          minmay_the_grid_triangle_9x9_checkered], layout_loops_cross,
          guppyfry_shop_venom, uniq_fannar
Temple:   regret_index_temple_generic_petals
Lair:1:   layout_loops_ring, grunt_forest_stairs_basic, minmay_holes
Lair:2:   layout_chaotic_city, minmay_shoals_entry_beasts, beast_lair_carwin_7
Lair:3:   layout_misc_corridors
Lair:4:   layout_loops_ring, guppyfry_snake_entry_garden, guppyfry_lair_drakes,
          grunt_megastairs_1, infiniplex_staircase_pool
Lair:5:   layout_cave_pods, grunt_megastairs_3
Lair:6:   cheibrodos_lair_end_hotspot, layout_regular_city, slime_altar_1,
          gauntlet_entry_generic, st_stairs_11
Orc:1:    layout_caves, serial_shops, shop, shop, uniq_josephine
Orc:2:    st_orc_open, layout_caves, basic_altar

Skill      XL: |  1  2  3  4  5  6  7  8  9 10 11 12 13 14 |
---------------+-------------------------------------------+-----
Fighting       | 3 4 5 |  5.0
Short Blades   | 3 4 6 7 9 10 12 14 15 | 15.0
Armour         | 4 5 |  5.0
Shields        | 4 5 7 8 10 11 14 | 14.5
Spellcasting   | 1 2 3 |  3.0
Translocations | 2 5 8 |  8.0
Dodging        | 5 8 10 13 14 | 14.4

Action                   |  1- 3 |  4- 6 |  7- 9 | 10-12 | 13-15 || total
-------------------------+-------+-------+-------+-------+-------++-------
Melee: Rapier            |    77 |   220 |   328 |   993 |  1164 ||  2782
 Fire: Hunting sling     |       |       |     7 |       |       ||     7
Throw: Dart              |       |     4 |     6 |       |     4 ||    14
       Throwing net      |       |       |       |     2 |       ||     2
 Cast: Gell's Gravitas   |       |       |       |       |     2 ||     2
Invok: Lunge             |       |       |    33 |    60 |    62 ||   155
       Whirlwind         |       |       |     3 |   110 |    44 ||   157
       Serpent's Lash    |       |       |       |     4 |    12 ||    16
       Heavenly Storm    |       |       |       |       |     1 ||     1
 Abil: Wall Jump         |       |       |       |    16 |     7 ||    23
Evoke: Wand              |       |       |       |     5 |       ||     5
       Phial of floods   |       |       |       |       |     1 ||     1
  Use: Scroll            |       |       |     3 |    11 |     5 ||    19
       Potion            |       |       |       |       |    10 ||    10
 Stab: Distracted        |       |       |       |     2 |     2 ||     4
       Sleeping          |       |       |       |     5 |     3 ||     8
Armor: Scale mail        |    25 |    52 |     2 |       |       ||    79
       Chain mail        |       |       |   109 |    13 |       ||   122
       Steam dragon scal |       |       |       |    70 |    67 ||   137
       Skin              |       |       |       |       |     9 ||     9
Dodge: Dodged            |    19 |    77 |    78 |   289 |   428 ||   891
Block: Kite shield       |    52 |    97 |   173 |   340 |   419 ||  1081

Table legend: (Time is in decaauts)
 A = Elapsed time spent in this place.
 B = Non-inter-level travel time spent in this place.
 C = Inter-level travel time spent in this place.
 D = Time resting spent in this place.
 E = Time spent auto-exploring this place.
 F = Levels seen in this place.
 G = Mean time per level.
                   A        B        C        D        E       F      G
               +--------+--------+--------+--------+--------+-----+--------+
         Total |  15877 |  14978 |    899 |   1417 |   3709 |  21 |  756.0 |
       Dungeon |   9203 |   8663 |    540 |    789 |   2255 |  11 |  836.6 |
        Temple |    266 |    240 |     26 |      0 |      0 |   1 |  266.0 |
          Lair |   5336 |   5003 |    333 |    469 |   1454 |   6 |  889.3 |
  Orcish Mines |    585 |    585 |      0 |    111 |      0 |   2 |  292.5 |
      Gauntlet |    486 |    486 |      0 |     48 |      0 |   1 |  486.0 |
               +--------+--------+--------+--------+--------+-----+--------+

Top non-repeatable levels by time:
     D:9: 1535 daAuts
  Lair:6: 1477 daAuts
     D:7: 1167 daAuts
     D:3: 1135 daAuts
     D:5: 1105 daAuts
  Lair:2: 871 daAuts
  Lair:1: 825 daAuts
  Lair:5: 819 daAuts
     D:6: 807 daAuts
     D:8: 739 daAuts
  Lair:4: 724 daAuts
  Lair:3: 618 daAuts
     D:1: 616 daAuts
     D:2: 584 daAuts
     D:4: 545 daAuts
